 Dungeon Crawl Stone Soup version 0.19-a0-1091-g463c9de (webtiles) character file.

89 Jmtri7 the Skirmisher (level 4, -1/52 HPs)
             Began as an Ogre Monk on Aug 7, 2016.
             Slain by an orc
             ... wielding a +0 mace
              (3 damage)
             ... on level 3 of the Dungeon.
             The game lasted 00:04:46 (2403 turns).

Jmtri7 the Skirmisher (Ogre Monk)                   Turns: 2403, Time: 00:04:46

Health: -1/52      AC:  3    Str: 17    XL:     4   Next: 55%
Magic:  4/4        EV: 10    Int:  9    God:
Gold:   69         SH:  0    Dex: 12    Spells: 0 memorised, 3 levels left

rFire  . . .     SeeInvis .     a - +0 mace
rCold  . . .     Gourm    .     b - +0 robe
rNeg   . . .     Faith    .     (no shield)
rPois  .         Spirit   .     (helmet restricted)
rElec  .         Dismiss  .     (no cloak)
rCorr  .         Reflect  .     (gloves unavailable)
SustAt .         Harm     .     (boots unavailable)
MR     +....                    j - amulet of inaccuracy (curse)
Stlth  ++........               (no ring)
                                g - ring of protection from magic

@:
A: unfitting armour, tough skin 1
a: no special abilities


You were on level 3 of the Dungeon.
You were not hungry.

You visited 1 branch of the dungeon, and saw 3 of its levels.

You collected 69 gold pieces.

Inventory:

Hand Weapons
 a - a +0 mace (weapon)
Armour
 b - a +0 robe (worn)
Jewellery
 e - an uncursed amulet of faith
 g - a ring of protection from magic (left hand)
 j - a cursed amulet of inaccuracy (around neck)
Scrolls
 f - 2 scrolls of identify
 i - a scroll of enchant weapon
Comestibles
 c - 2 bread rations
 d - a chunk of flesh
 h - a royal jelly


   Skills:
 - Level 5.7 Fighting
 + Level 5.5 Maces & Flails
 - Level 2.6 Dodging
 - Level 1.5 Stealth


You had 3 spell levels left.
You didn't know any spells.

Dungeon Overview and Level Annotations

Branches:
Dungeon (3/15)

Altars:
Elyvilon
Nemelex Xobeh


Innate Abilities, Weirdness & Mutations

You are too large for most types of armour.
You have tough skin. (AC +1)


Message History

You see here a club.
A kobold comes into view. It is wielding a dagger.
The kobold shouts!
The kobold hits you with a dagger.
* * * LOW HITPOINT WARNING * * *
You barely miss the kobold. The kobold hits you but does no damage.
The orc hits you but does no damage. The kobold misses you.
You hit the kobold.
The kobold is moderately wounded.
The orc barely misses you. The kobold hits you but does no damage.
You closely miss the kobold.
The kobold is moderately wounded.
The orc hits you with a mace.
* * * LOW HITPOINT WARNING * * *
The kobold hits you with a dagger.
* * * LOW HITPOINT WARNING * * *
You miss the kobold.
The kobold is moderately wounded.
The kobold hits you but does no damage. The orc hits you with a mace.
You die...

####.#####.# .#
#.# # #.# #.# #.#
#.# #.# #########
#g# #.#
........#####o#
#.#
...........K@.#
#.#
######.#######
#.# #.# #.# #.#
#.# #.# ###.# #.#
#...#
#.###########.###
#.............#
#.#############


You could see an orc, a hobgoblin and a kobold.

Vanquished Creatures
  3 adders
  An ooze (D:2)
  2 dart slugs (D:1)
  2 giant geckos
  2 orcs (D:3)
  A ball python (D:2)
  A giant cockroach (D:2)
  6 goblins
  8 hobgoblins
  2 jackals (D:1)
  7 kobolds
  4 bats
  3 giant newts
  5 rats
47 creatures vanquished.

Notes
Turn   | Place    | Note
-------+----------+-------------------------------------------
     0 | D:1      | Jmtri7 the Ogre Monk began the quest for the Orb.
     0 | D:1      | Reached XP level 1. HP: 24/24 MP: 1/1
   287 | D:1      | Reached XP level 2. HP: 33/33 MP: 2/2
   392 | D:1      | Reached skill level 5 in Fighting
   838 | D:2      | Reached XP level 3. HP: 15/44 MP: 3/3
  1400 | D:2      | Found a faded altar of an unknown god.
  1577 | D:2      | Reached skill level 5 in Maces & Flails
  1577 | D:2      | Reached XP level 4. HP: 13/52 MP: 4/4
  1627 | D:2      | Found a sparkling altar of Nemelex Xobeh.
  1898 | D:2      | Found a white marble altar of Elyvilon.
  2369 | D:3      | HP: 1/52 [orc/mace (7)]
  2402 | D:3      | HP: 2/52 [kobold/dagger (1)]
  2403 | D:3      | Slain by an orc

Vault maps used:
D:1:      minmay_arrival_stair_chambers, minivault_11
D:2:      nicolae_overflow_hidden_temple, ecumenical_altar_2
D:3:      roderic_roman_lattice, guppyfry_early_orc_mine,
          uniq_crazy_yiuf_cottage

Skill      XL: |  1  2  3 |
---------------+----------+-----
Fighting       | 5 |  5.7
Maces & Flails | 5 |  5.5
Dodging        | |  2.6
Stealth        | |  1.5

Action                   |  1- 3 |  4- 6 || total
-------------------------+-------+-------++-------
Melee: Mace              |   121 |    59 ||   180
  Use: Scroll            |       |     4 ||     4
       Potion            |       |     3 ||     3
 Stab: Sleeping          |     5 |     1 ||     6
       Distracted        |     1 |       ||     1
  Eat: Chunk             |     2 |     3 ||     5
Armor: Robe              |    34 |    14 ||    48
Dodge: Dodged            |    55 |    22 ||    77
